 Dungeon Crawl Stone Soup version 0.19-a0-1079-g88a7474 (webtiles) character file.

10247 4thArraOfDagon the Cleaver (level 11, -3/99 HPs)
             Began as a Deep Dwarf Fighter on Aug 6, 2016.
             Was an Elder of Makhleb.
             Slain by a death yak (17 damage)
             ... on level 6 of the Lair of Beasts.
             The game lasted 00:18:35 (2887 turns).

4thArraOfDagon the Cleaver (Deep Dwarf Fighter)     Turns: 2887, Time: 00:18:35

Health: -3/99      AC: 12    Str: 25      XL:     11   Next: 33%
Magic:  6/6        EV:  8    Int: 11      God:    Makhleb [****..]
Gold:   389        SH:  0    Dex: 10 (12) Spells: 0 memorised, 10 levels left

rFire  + . .     SeeInvis .     F - +2 battleaxe (flame)
rCold  . . .     Gourm    +     I - +1 chain mail {rF+}
rNeg   . . .     Faith    .     (shield currently unavailable)
rPois  .         Spirit   .     (no helmet)
rElec  .         Dismiss  .     (no cloak)
rCorr  .         Reflect  .     (no gloves)
SustAt .         Harm     .     (no boots)
MR     +....                    q - amulet of the gourmand
Stlth  ..........               (no ring)
                                M - +4 ring of strength

@: lethally poisoned (-3 -> -36), non-regenerating
A: damage resistance, recharge devices, deterioration 1, sense surroundings 2,
robust 1, slow regeneration 3
a: Device Recharging, Minor Destruction, Lesser Servant of Makhleb, Major
Destruction, Renounce Religion


You were on level 6 of the Lair of Beasts.
You worshipped Makhleb.
Makhleb was greatly pleased with you.
You were very full.

You visited 2 branches of the dungeon, and saw 15 of its levels.
You also visited: Volcano.

You collected 389 gold pieces.

Inventory:

Hand Weapons
 a - a +0 war axe
 d - a +1 war axe of flaming
 p - a +2 hand axe of flaming
 F - a +2 battleaxe of flaming (weapon)
 G - a +1 battleaxe of flaming
Armour
 b - a +0 scale mail
 c - a +0 shield
 t - a +2 buckler
 C - a +1 scale mail of fire resistance
 I - a +1 chain mail of fire resistance (worn)
Jewellery
 q - an amulet of the gourmand (around neck)
 M - a +4 ring of strength (left hand)
Wands
 e - a wand of heal wounds (1/9)
 v - a wand of polymorph (0/24)
Scrolls
 h - 2 scrolls of enchant armour {unknown}
 j - 6 scrolls of identify {unknown}
 l - a scroll of fear
 m - 3 scrolls of fog {unknown}
 s - 2 scrolls of recharging {unknown}
 y - a scroll of amnesia {unknown}
 z - a scroll of teleportation {unknown}
 B - 5 scrolls of remove curse {unknown}
Potions
 k - a potion of cancellation {unknown}
 n - a potion of flight {unknown}
 o - a potion of lignification {unknown}
 u - a potion of haste {unknown}
 w - a potion of heal wounds {unknown}
 x - a potion of mutation {unknown}
 A - 2 potions of brilliance {unknown}
 D - 2 potions of berserk rage
 E - 4 potions of might
 H - a potion of agility {unknown}
 J - a potion of curing
 L - a potion of invisibility {unknown}
Books
 r - a book of Ice

   Spells                             Type                      Level
   a - Ice Form                       Ice/Transmutation            4
   b - Metabolic Englaciation         Hexes/Ice                    5
   c - Ozocubu's Refrigeration        Ice                          6
   d - Bolt of Cold                   Conjuration/Ice              6
   e - Freezing Cloud                 Conjuration/Ice/Air          6
   f - Simulacrum                     Ice/Necromancy               6
Miscellaneous
 K - a phial of floods (inert)
Comestibles
 f - 4 bread rations
 g - 2 meat rations
 i - a royal jelly
 N - a slice of pizza


   Skills:
 + Level 3.2 Fighting
 * Level 13.6 Axes
 + Level 10.4 Armour
 - Level 3.2 Shields
 + Level 10.9 Evocations


You had 10 spell levels left.
You didn't know any spells.

Dungeon Overview and Level Annotations

Branches:
Dungeon (9/15)               Lair (6/6) D:9          Spider (0/4) Lair:4
 Temple: D:4-7        Swamp: Lair:2-4    Shoals: Lair:2-4     Slime: Lair:5-6
    Orc: D:9-12

Altars:
Dithmenos
Hepliaklqana
Makhleb
Nemelex Xobeh
Okawaru
Qazlal
Ru
Trog
Vehumet
Xom
Zin

Shops:
D:8 [


Innate Abilities, Weirdness & Mutations

You are resistant to damage.
You can recharge devices by infusing magical energy.
You passively map the area around you.
You do not regenerate naturally.
Your body sometimes deteriorates upon taking damage.
You are robust. (+10% HP)


Message History

You feel much better.
This wand has 1 charge left.
You feel very sick.
The black mamba bites you but does no damage.
The death yak gores you!
* * * LOW HITPOINT WARNING * * *
The black mamba bites you!
* * * LOW HITPOINT WARNING * * *
You are lethally poisoned!
The black mamba poisons you!
Your water elemental hits the black mamba.
The black mamba dies!
Makhleb accepts your kill.
Unknown command.
Unknown command.
You slash the death yak! You burn the death yak.
The death yak is almost dead.
* * * LOW HITPOINT WARNING * * *
You feel very sick. The death yak gores you!!
You die...

...♣ * * * * ..♣♣♣ ,
, * ....♣ , * * ,
#...♣ * , * ....♣ *
* .* * ....♣ ♣♣ *..,
,, ..♣♣♣ ♣♣♣♣♣ *
.♣*♣... , ...♣
♣♣♣...♣♣♣♣Y♣..♣**
...♣ ♣♣♣.......♣@E.♣
...♣♣♣..♣♣♣♣♣♣..E.♣♣
......♣♣♣ ♣♣.†♣♣
...♣♣♣♣ ♣♣≈♣ ..♣♣
♣≈♣ #...♣ .♣♣ * *
....♣ * * . **
.....♣ ,,,,. ,,**, *
, ..#...♣ ,.# , ,, ,


You could see a death yak and 2 friendly water elementals.

Vanquished Creatures
  2 hydras
  2 deep elf magi (Volcano)
  A griffon (Lair:4)
  A black mamba (Lair:4)
  2 spiny frogs
  A troll (D:8)
  A two-headed ogre (Volcano)
  4 blink frogs (Lair:5)
  2 yaks (Lair:1)
  2 fire bats (Volcano)
  3 hippogriffs
  5 water moccasins
  A hell hound (Volcano)
  5 porcupines
  2 black bears (Lair:1)
  2 orc warriors (Volcano)
  3 sky beasts
  A phantom (D:8)
  10 wolves
  2 centaurs (D:9)
  A crocodile (Lair:5)
  7 giant frogs
  A big kobold (D:8)
  3 scorpions
  3 hounds (D:9)
  A gnoll shaman (D:9)
  2 orc wizards (D:8)
  An iguana (Lair:1)
  A worker ant (D:9)
  13 sheep
  2 worker ant zombies
  A gnoll (D:9)
  2 adders
  17 river rats
  A shadow imp (D:7)
  3 oozes (D:1)
  An adder zombie (D:9)
  A worm (D:2)
  2 giant geckos (D:2)
  8 orcs
  2 giant cockroaches (D:2)
  3 goblins
  5 hobgoblins
  3 jackals
  6 bats
  A giant newt (D:1)
  9 kobolds
  7 rats
  A plant (Lair:4)
160 creatures vanquished.

Vanquished Creatures (collateral kills)
  A death yak (Lair:6)
  A black mamba (Lair:6)
  A komodo dragon (Lair:6)
3 creatures vanquished.

Vanquished Creatures (others)
  6 fungi (D:9)
  A plant (Lair:1)
7 creatures vanquished.

Grand Total: 170 creatures vanquished

Notes
Turn   | Place    | Note
-------+----------+-------------------------------------------
     0 | D:1      | 4thArraOfDagon the Deep Dwarf Fighter began the quest for the Orb.
     0 | D:1      | Reached XP level 1. HP: 20/20 MP: 1/1
    87 | D:1      | Reached XP level 2. HP: 24/27 MP: 2/2
    92 | D:1      | Reached skill level 3 in Axes
   149 | D:1      | Reached XP level 3. HP: 27/33 MP: 3/3
   433 | D:4      | Found an iron altar of Okawaru.
   433 | D:4      | Found a glowing silver altar of Zin.
   434 | D:4      | Found a stormy altar of Qazlal.
   436 | D:4      | Found a bloodstained altar of Trog.
   436 | D:4      | Found a shadowy altar of Dithmenos.
   437 | D:4      | Found a shimmering altar of Xom.
   438 | D:4      | Found a radiant altar of Vehumet.
   486 | D:5      | Entered Level 5 of the Dungeon
   546 | D:5      | Noticed a scorpion
   557 | D:5      | Killed a scorpion
   557 | D:5      | Reached skill level 4 in Axes
   557 | D:5      | Reached XP level 4. HP: 25/40 MP: 4/4
   639 | D:5      | Found a burning altar of Makhleb.
   639 | D:5      | Found a sparkling altar of Nemelex Xobeh.
   646 | D:5      | Became a worshipper of Makhleb the Destroyer
   647 | D:5      | WBAD
   837 | D:6      | Noticed a giant frog
   844 | D:6      | Killed a giant frog
   844 | D:6      | Reached skill level 5 in Axes
   844 | D:6      | Reached skill level 1 in Evocations
   844 | D:6      | Reached XP level 5. HP: 16/46 MP: 4/6
   875 | D:7      | ofc
   938 | D:7      | Noticed a centaur
   978 | D:7      | Noticed a sky beast
   978 | D:7      | a hell rat changed into a sky beast
   998 | D:7      | Killed a sky beast
   998 | D:7      | Reached skill level 5 in Armour
   998 | D:7      | Reached XP level 6. HP: 27/55 MP: 7/7
  1089 | D:7      | Found a hazy altar of Hepliaklqana.
  1101 | D:8      | Found Keatto's Armour Shoppe.
  1113 | D:8      | dpabad
  1113 | D:8      | Noticed a sky beast
  1179 | D:8      | Noticed a troll
  1196 | D:8      | Reached skill level 6 in Axes
  1199 | D:8      | Killed a sky beast
  1199 | D:8      | Reached XP level 7. HP: 61/61 MP: 7/9
  1200 | D:8      | Killed a troll
  1200 | D:8      | Reached skill level 7 in Axes
  1215 | D:8      | Reached * piety under Makhleb
  1311 | D:9      | Reached skill level 5 in Evocations
  1311 | D:9      | Reached XP level 8. HP: 36/68 MP: 10/10
  1317 | D:9      | Gained mutation: You are robust. (+10% HP) [mutagenic meat]
  1320 | D:9      | Gained mutation: Your body sometimes deteriorates upon taking damage. [mutagenic meat]
  1349 | D:9      | Found a sacrificial altar of Ru.
  1447 | D:9      | Reached skill level 8 in Axes
  1575 | D:9      | Found a staircase to the Lair.
  1587 | Lair:1   | Entered Level 1 of the Lair of Beasts
  1595 | Lair:1   | RIP WAND
  1596 | Lair:1   | and rip me
  1646 | Lair:1   | Reached ** piety under Makhleb
  1664 | Lair:1   | Reached skill level 9 in Axes
  1688 | Lair:1   | Gained mutation: You passively map the area around you. [Deep Dwarf growth]
  1688 | Lair:1   | Reached XP level 9. HP: 43/81 MP: 11/11
  1786 | Lair:2   | Found a dark tunnel.
  1792 | Volcano  | Entered a volcano
  1821 | Volcano  | Reached skill level 10 in Axes
  1846 | Volcano  | Noticed a deep elf mage
  1849 | Volcano  | Killed a deep elf mage
  1855 | Volcano  | Noticed a deep elf mage
  1868 | Volcano  | Killed a deep elf mage
  1868 | Volcano  | Reached skill level 11 in Axes
  2109 | Lair:2   | Reached XP level 10. HP: 65/89 MP: 13/13
  2160 | Lair:1   | Reached *** piety under Makhleb
  2198 | Lair:2   | Noticed a spiny frog
  2212 | Lair:2   | Killed a spiny frog
  2382 | Lair:2   | 4thArraOfDagon: > is removed in trunk
  2436 | Lair:3   | Reached skill level 12 in Axes
  2491 | Lair:4   | Noticed a spiny frog
  2501 | Lair:4   | 4thArraOfDagon: cant kill
  2510 | Lair:4   | Killed a spiny frog
  2514 | Lair:4   | HP: 3/89 [poisoned by a spiny frog]
  2528 | Lair:4   | Noticed a black mamba
  2529 | Lair:4   | RIP
  2558 | Lair:4   | HP: 2/89 [black mamba (8)]
  2576 | Lair:4   | Killed a black mamba
  2577 | Lair:4   | Noticed a griffon
  2590 | Lair:4   | Killed a griffon
  2590 | Lair:4   | Reached skill level 10 in Evocations
  2636 | Lair:5   | WHY NO LAB
  2641 | Lair:5   | FU
  2682 | Lair:5   | Noticed a seven-headed hydra
  2692 | Lair:5   | Killed a three-headed hydra
  2692 | Lair:5   | Reached **** piety under Makhleb
  2692 | Lair:5   | Reached skill level 13 in Axes
  2692 | Lair:5   | Reached skill level 10 in Armour
  2694 | Lair:5   | Reached XP level 11. HP: 44/96 MP: 6/6
  2728 | Lair:6   | Entered Level 6 of the Lair of Beasts
  2728 | Lair:6   | Noticed a seven-headed hydra
  2742 | Lair:6   | Killed a one-headed hydra
  2871 | Lair:6   | Noticed a death yak
  2873 | Lair:6   | plz no
  2877 | Lair:6   | Killed a death yak
  2878 | Lair:6   | Noticed a death yak
  2882 | Lair:6   | HP: 3/99 [death yak (17)]
  2887 | Lair:6   | Slain by a death yak

Vault maps used:
D:1:      dpeg_arrival_circle_labyrinth_c, dk_noncrumbling_3,
          cheibriados_altar_1
D:2:      first_bread, uniq_natasha
D:3:      nicolae_gozag_seed_capital, bh_chokoban, uniq_grinder
D:4:      grunt_temple_overflow_open, nicolae_ashenzari_panopticon,
          kennysheep_generic_room_13
D:5:      gammafunk_temple_overflow_pools, okawaru_ov_weapons_minmay
D:6:      hex_medium
D:7:      nicolae_whirlpool, kennysheep_little_box, grunt_livestock
D:8:      lemuel_doored_altar, serial_shops, shop, basic_altar
D:9:      due_lair_maze_entry_diamond, hiddenorc2_lemuel, basic_altar
Lair:1:   beast_lair_carwin_large_1, uniq_gastronok
Lair:2:   enter_volcano_4, beast_lair_carwin_8, serial_bayou_shore_a
Lair:3:   lemuel_fruit_tree, uniq_nergalle
Lair:4:   shoals_dummy_entry, nicolae_spider_entry_tight_spaces,
          disabler_island, grunt_megastairs_1, serial_bayou_shore_b
Lair:5:   minmay_guarded_unrand_snakebite, portal_ice_cave_entry_ice_beasts,
          grunt_megastairs_2
Lair:6:   evil_forest, minmay_slime_entry_jelly_boxes
Volcano:  volcano_village

Skill      XL: |  1  2  3  4  5  6  7  8  9 10 11 |
---------------+----------------------------------+-----
Axes           | 3 4 5 6 7 9 11 13 | 13.6
Armour         | 4 5 6 7 8 10 | 10.4
Evocations     | 1 2 3 5 6 8 10 | 10.9
Fighting       | 3 |  3.2
Shields        | |  3.2

Action                   |  1- 3 |  4- 6 |  7- 9 | 10-12 || total
-------------------------+-------+-------+-------+-------++-------
Melee: War axe           |    38 |       |     5 |       ||    43
       Hand axe          |    31 |    62 |   234 |       ||   327
       Unarmed           |       |     3 |       |       ||     3
       Battleaxe         |       |       |    18 |   235 ||   253
 Abil: Device Recharging |       |       |     3 |    10 ||    13
Evoke: Wand              |       |     7 |    12 |    38 ||    57
       Phial of floods   |       |       |       |     2 ||     2
  Use: Potion            |       |     2 |     1 |     2 ||     5
       Scroll            |       |       |     1 |       ||     1
  Eat: Fruit             |     4 |       |       |       ||     4
       Pizza             |     1 |       |       |       ||     1
       Chunk             |       |       |     7 |     8 ||    15
Armor: Scale mail        |    54 |    47 |   107 |       ||   208
       Skin              |       |    16 |       |       ||    16
       Chain mail        |       |       |     6 |   215 ||   221
Dodge: Dodged            |    45 |    61 |   107 |   154 ||   367
Block: Shield            |    65 |       |       |       ||    65
       Buckler           |       |    24 |    75 |       ||    99
